 Dungeon Crawl Stone Soup version 0.30.1-3-gfc49f6343a (webtiles) character file.

Game seed: 14553607013236618515

736 Zeor the Shooter (level 7, 0/63 HPs)
             Began as a Minotaur Hunter on Aug 9, 2023.
             Slain by a hound (1 damage)
             ... on level 6 of the Dungeon.
             The game lasted 00:10:43 (3134 turns).

Zeor the Shooter (Minotaur Hunter)                  Turns: 3134, Time: 00:10:44

Health: 0/63       AC:  3    Str: 12 (15) XL:     7   Next: 46%
Magic:  6/6        EV: 12    Int:  4 (6)  God:
Gold:   254        SH:  0    Dex: 13 (16) Spells: 6/6 levels left

rFire   . . .        b - +0 rapier
rCold   + . .        (no shield)
rNeg    . . .        c - +0 leather armour
rPois   .            (helmet restricted)
rElec   .            (no cloak)
rCorr   .            (no gloves)
SInv    .            (no boots)
Will    .....        (no amulet)
Stlth   +            g - ring of flight
HPRegen 0.30/turn    m - ring of protection from cold
MPRegen 0.10/turn

%: no passive effects
@: about to teleport, flying, studying Stealth
A: horns 2, retaliatory headbutt
a: no special abilities


You were on level 6 of the Dungeon.
You visited 1 branch of the dungeon, and saw 5 of its levels.

You collected 254 gold pieces.

Inventory:

Hand Weapons
 a - a +0 shortbow of electrocution
 b - a +0 rapier (weapon)
 j - a +5 dagger of freezing
 q - a +1 glaive of protection
Armour
 c - a +0 leather armour (worn)
Jewellery
 g - a ring of flight (left hand)
 m - a ring of protection from cold (right hand)
Wands
 f - a wand of iceblast (11)
 i - a wand of polymorph (4)
 l - a wand of digging (4)
Scrolls
 d - 2 scrolls of teleportation
 e - 2 scrolls of immolation
 s - a scroll of silence
Potions
 h - a potion of magic
 k - a potion of ambrosia
 o - 2 potions of curing


   Skills:
 * Level 6.0 Fighting
 + Level 0.4 Short Blades
 + Level 7.9 Ranged Weapons
 + Level 2.6 Armour
 + Level 3.0 Dodging
 - Level 0.7 Stealth
 + Level 0.5 Unarmed Combat


You had 6 spell levels left.
You didn't know any spells.
Your spell library contained the following spells:

 Spells                   Type           Power      Damage    Failure   Level
 Call Canine Familiar     Summ           0%         N/A       91%         3
 Gell's Gravitas          Tloc           0%         N/A       91%         3
 Portal Projectile        Hex/Tloc       0%         N/A       91%         3
 Teleport Other           Tloc           0%         N/A       91%         3
 Leda's Liquefaction      Hex/Erth       0%         N/A       100%        4
 Dispersal                Tloc           0%         N/A       100%        6


Dungeon Overview and Level Annotations

Branches:
Dungeon (4/15)
 Temple: D:4-7

Altars:
Cheibriados
Okawaru


Innate Abilities, Weirdness & Mutations

You have a pair of horns on your head.
You reflexively headbutt those who attack you in melee.


Message History

The black bear bites you. The black bear claws you. The black bear misses you.
Okay, then.
Your +0 shortbow of electrocution stops crackling.
b - a +0 rapier (weapon)
The black bear bites you! The black bear barely misses you.
The black bear misses you.
It was a potion of flight.
You feel more buoyant. The hound bites you. The sky beast hits you.
The sky beast shocks you. The black bear bites you. The black bear claws you.
The black bear misses you. The hound misses you.
It was a potion of curing.
You feel better. The hound closely misses you. The black bear bites you.
The black bear claws you but does no damage.
The black bear claws you.
The sky beast hits you but does no damage.
It was a potion of degeneration.
There was something very wrong with that liquid.
You feel weakened.
You feel dopey.
You feel clumsy. The hound bites you. The sky beast hits you.
The sky beast shocks you.
* * * LOW HITPOINT WARNING * * *
The black bear bites you.
* * * LOW HITPOINT WARNING * * *
The black bear misses you. The black bear completely misses you.
The hound barely misses you.
As you read the scroll of teleportation, it crumbles to dust.
You feel strangely unstable. The hound barely misses you.
The sky beast hits you.
* * * LOW HITPOINT WARNING * * *
The sky beast shocks you.
* * * LOW HITPOINT WARNING * * *
The black bear closely misses you.
The black bear claws you but does no damage.
The black bear barely misses you. The hound attacks as you move away!
The hound bites you.
* * * LOW HITPOINT WARNING * * *
The hound closely misses you. You furiously retaliate!
You headbutt the hound.
Unknown command.
The hound attacks as you move away! The hound bites you.
You die... ∙∙∙∙∙∙∙∙∙▒▒∙∙∙ ∙∙∙∙∙∙∙∙▒∙∙∙∙ ▒∙∙ ∙∙∙∙∙∙∙∙∙∙∙∙ ∙▒∙∙▒▒▒∙∙∙∙∙∙∙∙∙∙∙ ∙∙∙∙∙∙∙∙∙∙∙∙∙∙∙∙∙∙

▒∙∙∙∙∙∙∙∙∙∙∙∙∙∙∙∙∙
∙▒∙∙∙∙∙∙∙∙∙∙∙∙∙∙∙∙∙
∙∙∙∙∙∙∙∙∙hhY∙▒∙∙∙∙∙
∙∙∙∙∙∙∙∙∙∙H∙▒▒∙∙∙▒
∙∙∙∙∙∙∙∙∙∙∙∙∙∙∙∙▒
∙∙∙∙∙∙∙∙∙∙∙∙∙∙∙∙▒▒
∙∙∙∙∙∙∙∙∙∙∙∙∙∙∙∙∙▒∙
∙▒∙∙∙∙∙∙∙∙∙∙∙∙∙∙∙[∙
▒▒▒
▒∙∙∙∙∙∙∙∙∙∙∙∙▒∙∙∙∙∙∙
∙∙∙
▒▒∙∙∙∙∙∙∙∙∙∙∙▒▒)∙∙∙>∙∙
∙∙∙
▒∙∙∙∙▒∙∙∙∙∙∙▒∙∙∙∙∙∙∙∙
∙∙∙
▒∙∙∙∙∙∙∙∙∙∙∙▒∙∙∙∙∙∙∙
∙∙∙


You could see a black bear, a sky beast and a hound.

Vanquished Creatures
  An orc warrior (D:4)
  An ogre (D:4)
  A centaur (D:4)
  2 scorpions (D:4)
  A gnoll bouda (D:4)
  Ijyb (D:3)
  A sleepcap (D:4)
  Natasha (twice) (D:3)
  An iguana (D:6)
  An orc wizard (D:4)
  4 gnolls (D:2)
  8 adders
  A white imp (D:6)
  An ufetubus (D:4)
  2 worms (D:2)
  A dart slug (D:4)
  2 orcs (D:4)
  6 ball pythons
  5 endoplasms
  3 giant cockroaches
  3 goblins (D:3)
  8 hobgoblins
  A jackal (D:3)
  4 quokkas
  3 bats (D:1)
  A frilled lizard (D:2)
  3 kobolds
  3 rats
71 creatures vanquished.

Notes
Turn   | Place    | Note
-------+----------+-------------------------------------------
     0 | D:1      | Zeor the Minotaur Hunter began the quest for the Orb.
     0 | D:1      | Reached XP level 1. HP: 18/18 MP: 0/0
   274 | D:1      | Reached XP level 2. HP: 25/25 MP: 1/1
   754 | D:2      | Reached skill level 5 in Ranged Weapons
   770 | D:2      | Reached XP level 3. HP: 23/30 MP: 2/2
   870 | D:2      | Reached skill level 1 in Armour
   870 | D:2      | Reached XP level 4. HP: 17/38 MP: 3/3
  1463 | D:3      | Noticed Natasha
  1469 | D:3      | Killed Natasha
  1526 | D:3      | Found a snail-covered altar of Cheibriados.
  1576 | D:3      | Noticed Natasha
  1592 | D:3      | Reached XP level 5. HP: 5/46 MP: 4/4
  1768 | D:3      | Noticed Ijyb
  1810 | D:3      | Killed Ijyb
  2016 | D:3      | Reached skill level 6 in Ranged Weapons
  2143 | D:3      | Killed Natasha
  2555 | D:4      | Found an iron altar of Okawaru.
  2633 | D:4      | Reached XP level 6. HP: 53/53 MP: 5/5
  2707 | D:4      | Noticed an orc warrior
  2731 | D:4      | Killed an orc warrior
  2732 | D:4      | Reached skill level 5 in Fighting
  2732 | D:4      | Reached skill level 7 in Ranged Weapons
  2807 | D:4      | Reached XP level 7. HP: 37/61 MP: 6/6
  3083 | D:4      | You are sucked into a shaft and drop 2 floors!
  3133 | D:6      | HP: 1/63 [hound (3)]
  3134 | D:6      | Slain by a hound

Illustrated notes

Levels and vault maps discovered:
D:1:      minmay_arrival_four_houses, layout_basic
D:2:      layout_basic
D:3:      layout_basic, amcnicky_altar_gilded, roderic_lattice_a, st_stairs_5,
          uniq_ijyb, uniq_natasha
D:4:      layout_loops_ring, hellmonk_okawaru_the_only_friend_you_need,
          minmay_temple_entry_crystal_x, minmay_manual_mullet
D:6:      minmay_evil_eye, layout_cave_pools, lemuel_zombie_altar_kikubaaqudgha,
          uniq_maggie, uniq_crazy_yiuf_cottage

Skill      XL: |  1  2  3  4  5  6  7 |
---------------+----------------------+-----
Ranged Weapons | 5 6 7 |  7.9
Fighting       | 3 4 5 6 |  6.0
Armour         | 1 2 |  2.6
Dodging        | 3 |  3.0
Short Blades   | |  0.4
Stealth        | |  0.7
Unarmed Combat | |  0.5

Action                     |  1- 3 |  4- 6 |  7- 9 || total
---------------------------+-------+-------+-------++-------
  Melee: Unarmed           |     1 |    26 |       ||    27
         Rapier            |       |    17 |       ||    17
         Headbutt          |       |     3 |       ||     3
   Fire: Shortbow          |    69 |   110 |    34 ||   213
    Use: Scroll            |     2 |     4 |     2 ||     8
         Potion            |     2 |     1 |     3 ||     6
 Armour: Leather armour    |    10 |    11 |     4 ||    25
         Skin              |       |    12 |       ||    12
  Dodge: Dodged            |    31 |    62 |    18 ||   111
